Cogmind - Beta 14 @@@ ROGUE MODE // 2024.08.08 @ 17:39:01 Player: Sgt. SmokeWeed Result: Self-destructed Performance ------------- Evolutions (0) 0 Regions Visited (4) 800 Robots Destroyed (27) 135 Value Destroyed (481) 481 Prototype IDs (23) 460 Alien Tech Used (0) 0 Bonus (349) 349 TOTAL SCORE: 2225 Bonus ------- Follower Combat Kills 49 Aligned with FarCom 300 Cogmind --------- Core Integrity 154/250 Matter 274/300 Energy 125/125 System Corruption 0% Temperature Cool (0) Movement Treading (160) Location -9/Mines Parts ------- > --- POWER (1) -------- Light Ion Engine > --- PROPULSION (2) --- Light Treads Light Treads > --- UTILITY (2) ------ (None) > --- WEAPON (2) ------- Grenade Launcher Longsword +1 > --- INVENTORY (5) ---- Light Treads Medium Laser Grenade Launcher Grenade Launcher Peak State ------------ > --- POWER ------------ Light Ion Engine > --- PROPULSION ------- Light Treads Light Treads > --- UTILITY ---------- (None) > --- WEAPON ----------- Grenade Launcher Longsword +1 > --- INVENTORY -------- Light Treads Medium Laser Grenade Launcher Grenade Launcher [Rating: 12] Favorites ----------- Power Light Ion Engine Engine Light Ion Engine Propulsion Light Treads Treads Light Treads Utility None Weapon Grenade Launcher Energy Gun Medium Laser Ballistic Gun Assault Rifle Launcher Grenade Launcher Slashing Weapon Longsword +1 Build | -11 -10 -10 -10 -9 ------- Run | Yrd Mat Min Exi Min Slots Evolved . | . . . . . Power . | . . . . . Propulsion . | . . . . . Utility . | . . . . . Weapon . | . . . . . Parts Attached 17 | 5 11 . 1 . Power 2 | 1 1 . . . Engine 2 | 1 1 . . . Core . | . . . . . Reactor . | . . . . . Propulsion 7 | 2 5 . . . Treads 7 | 2 5 . . . Leg . | . . . . . Wheel . | . . . . . Hover . | . . . . . Flight . | . . . . . Utility . | . . . . . Device . | . . . . . Storage . | . . . . . Processor . | . . . . . Hackware . | . . . . . Protection . | . . . . . Artifact . | . . . . . Weapon 8 | 2 5 . 1 . Energy Gun 2 | 1 1 . . . Energy Cannon . | . . . . . Ballistic Gun 1 | 1 . . . . Ballistic Cannon . | . . . . . Launcher 4 | . 4 . . . Special Weapon . | . . . . . Impact Weapon . | . . . . . Slashing Weapon 1 | . . . 1 . Piercing Weapon . | . . . . . Special Melee Weapon . | . . . . . Unidentified Prototypes . | . . . . . Parts Lost . | . . . . . Power . | . . . . . Propulsion . | . . . . . Utility . | . . . . . Weapon . | . . . . . Highest Loss Streak . | . . . . . To Critical Strikes . | . . . . . Average Slot Usage (%) 70 | . 69 71 71 71 Engine 13 | . 13 14 14 14 Treads 27 | . 27 28 28 28 Energy Gun 10 | . 13 14 8 . Launcher 13 | . 13 14 14 14 Slashing Weapon 3 | . . . 5 14 Peak Build Rating 12 | 5 5 5 12 12 Average Rating 6 | 3 4 5 7 12 On Entrance 5 | . 5 5 5 12 Naked Turns 4 | . 4 . . . Heaviest Build 9 | 7 8 8 9 9 Greatest Support 40 | 40 40 40 40 40 Greatest Overweight (x) . | . . . . . Average Overweight (x) . | . . . . . Largest Inventory Capacity 5 | 5 5 5 5 5 Average Capacity 5 | 5 5 5 5 5 Most Carried 4 | . 3 3 4 4 Average Carried 2 | . . 3 3 4 Final Capacity 5 | 5 5 5 5 5 Final Carried 4 | . 3 3 4 4 Class Distribution -------------------- 100% | Mutant Dominant Class ---------------- Mutant | -10/Materials Mutant | -10/Mines Mutant | -10/Exiles Mutant | -9/Mines Resources | -11 -10 -10 -10 -9 ----------- Run | Yrd Mat Min Exi Min Matter Collected 457 | 223 101 43 . 90 Remotely . | . . . . . Salvage Created 427 | . 358 27 . 42 Parts 41 | . 31 4 . 6 Haulers Intercepted 1 | . 1 . . . Recyclers Shooed . | . . . . . Parts Field Recycled . | . . . . . Retrieved Matter . | . . . . . Parts Self-Destructed . | . . . . . Prevented . | . . . . . Kills | -11 -10 -10 -10 -9 ------- Run | Yrd Mat Min Exi Min Combat Hostiles Destroyed 20 | . 15 1 . 4 Melee 1 | . . . . 1 Guns 3 | . 3 . . . AOE 16 | . 12 1 . 3 Classes Destroyed 7 | . 6 . . 1 Worker 2 | . 1 1 . . Tunneler 1 | . . . . 1 Hauler 1 | . 1 . . . Operator 1 | . 1 . . . Watcher 2 | . 2 . . . Swarmer 12 | . 8 . . 4 Grunt 8 | . 7 1 . . Best Kill Streak 5 | . 5 1 . 4 Combat Bots Only 4 | . 4 1 . 3 Max Kills in Single Turn 4 | . 4 1 . 2 Gunslinging . | . . . . . Exploded 3 | . 3 1 . 2 Melee 1 | . . . . 1 Uniques/NPCs Destroyed . | . . . . . Combat | -11 -10 -10 -10 -9 -------- Run | Yrd Mat Min Exi Min Hostile Shots Fired 57 | . 46 . . 11 Missed 11 | . 10 . . 1 Damage Taken 428 | . 337 . . 91 Core 96 | . 89 . . 7 Absorbed by Shields . | . . . . . Core Remaining (%) 100 | 100 . . . . Volleys Fired 51 | . 47 2 . 2 Largest 2 | . 2 2 . 1 Hottest 80 | . 80 80 . 30 Shots Fired 63 | . 57 4 . 2 Gun 49 | . 47 2 . . Cannon . | . . . . . Launcher 14 | . 10 2 . 2 Special . | . . . . . Kinetic . | . . . . . Thermal 49 | . 47 2 . . Explosive 14 | . 10 2 . 2 Electromagnetic . | . . . . . Robot Hit Streak 11 | . 11 . . . Robot Miss Streak 2 | . 2 . . . Penetration Max . | . . . . . Secondary Targets . | . . . . . Shots Hit Robots 35 | . 34 . . 1 Core Hits 39 | . 29 5 . 5 Critical Kills . | . . . . . Critical Parts Destroyed . | . . . . . Critical Strikes 2 | . 2 . . . Burn 2 | . 2 . . . Melee Attacks 2 | . . . . 2 Impact . | . . . . . Slashing 2 | . . . . 2 Piercing . | . . . . . Sneak Attacks . | . . . . . Combat Hostiles . | . . . . . Follow-up Attacks . | . . . . . Damage Inflicted 1349 | 1 1095 49 . 204 Guns 361 | . 361 . . . Cannons . | . . . . . Explosions 922 | . 724 46 . 152 Melee 52 | . . . . 52 Ramming 14 | 1 10 3 . . Kinetic . | . . . . . Thermal 390 | . 361 . . 29 Explosive 893 | . 724 46 . 123 Electromagnetic . | . . . . . Impact . | . . . . . Slashing 52 | . . . . 52 Piercing . | . . . . . Highest Corruption . | . . . . . Average Corruption . | . . . . . Corruption Purged . | . . . . . Corruption Blocked . | . . . . . Overload Shots . | . . . . . Overflow Damage 32 | . . . . 32 Projectiles . | . . . . . Explosions . | . . . . . Melee 32 | . . . . 32 Knockbacks 1 | . 1 . . . Impact 1 | . 1 . . . Kinetic . | . . . . . Secondary . | . . . . . Self-Inflicted Damage . | . . . . . Shots . | . . . . . Rammed 8 | 1 5 2 . . Targets Rammed 9 | 1 5 3 . . Kicked . | . . . . . Crushed 1 | . . 1 . . Highest Temperature 116 | . 116 18 . . Average Temperature 39 | . 40 12 . . Received Heat Transfer 96 | . 90 . . 6 Siege Activations . | . . . . . Robots Corrupted . | . . . . . Combat Hostiles . | . . . . . Parts Fried . | . . . . . Impact Corruptions . | . . . . . Robots Melted . | . . . . . Combat Hostiles . | . . . . . Parts Melted 2 | . 2 . . . Heat Transferred 1271 | . 1221 . . 50 Parts Sabotaged . | . . . . . Parts Stolen . | . . . . . Parts Stripped . | . . . . . Power Chain Reactions . | . . . . . Alert | -11 -10 -10 -10 -9 ------- Run | Yrd Mat Min Exi Min Peak Influence 350 | . 350 156 . 207 Initial 78 | . . 78 . . Average 126 | . 135 127 . 117 Maximum Alert Level 1 | . 1 . . 1 Low Security (%) 66 | 100 53 100 . 77 Level 1 33 | . 46 . . 22 Level 2 . | . . . . . Level 3 . | . . . . . Level 4 . | . . . . . Level 5 . | . . . . . High Security . | . . . . . Max Security . | . . . . . Squads Dispatched 6 | . 5 . . 1 Investigation 2 | . 1 . . 1 Extermination . | . . . . . Reinforcement 4 | . 4 . . . Assault . | . . . . . Garrison . | . . . . . Intercept . | . . . . . Searches Triggered . | . . . . . Construction Impeded . | . . . . . Haulers Reinforced . | . . . . . Active Scanning Responses . | . . . . . Cargo Convoy Interrupts . | . . . . . Stealth | -11 -10 -10 -10 -9 --------- Run | Yrd Mat Min Exi Min Distress Signals 1 | . 1 . . . Communications Jammed . | . . . . . Distress Signals . | . . . . . Times Spotted 39 | . 28 2 . 9 Peak Tracking Total 5 | . 5 2 . 3 Tactical Retreats 1 | . 1 . . . Traps | -11 -10 -10 -10 -9 ------- Run | Yrd Mat Min Exi Min Traps Triggered 4 | . 4 . . . Indirectly . | . . . . . Trap Hack Attempts . | . . . . . Triggered . | . . . . . Disarmed . | . . . . . Reprogrammed . | . . . . . Reused . | . . . . . Traps Extracted . | . . . . . Installed . | . . . . . Triggered . | . . . . . Machines | -11 -10 -10 -10 -9 ---------- Run | Yrd Mat Min Exi Min Machines Disabled 3 | . 2 . . 1 Max in Single Turn 1 | . 1 . . 1 Machines Repaired . | . . . . . Machines Dismantled . | . . . . . Machines Sabotaged . | . . . . . Overloaded Fab Kills . | . . . . . Hacking | -11 -10 -10 -10 -9 --------- Run | Yrd Mat Min Exi Min Machines Accessed 3 | . 1 . 1 1 Terminals 1 | . 1 . . . Fabricators . | . . . . . Repair Stations . | . . . . . Recycling Units . | . . . . . Scanalyzers . | . . . . . Garrison Access . | . . . . . Total Hacks 4 | . 2 . 1 1 Successful 2 | . . . 1 1 Failed 2 | . 2 . . . Catastrophic . | . . . . . Database Lockouts . | . . . . . Manual 3 | . 2 . 1 . Terminals 2 | . 2 . . . Fabricators . | . . . . . Repair Stations . | . . . . . Recycling Units . | . . . . . Scanalyzers . | . . . . . Garrison Access . | . . . . . Terminal Hacks 2 | . . . 1 1 Open Door 1 | . . . . 1 Derelict Proto ID Bank 1 | . . . 1 . Fabricator Hacks . | . . . . . Repair Station Hacks . | . . . . . Recycling Unit Hacks . | . . . . . Scanalyzer . | . . . . . Garrison Access Hacks . | . . . . . Unauthorized Hacks . | . . . . . Terminals . | . . . . . Fabricators . | . . . . . Repair Stations . | . . . . . Recycling Units . | . . . . . Scanalyzers . | . . . . . Garrison Access . | . . . . . Data Cores Recovered . | . . . . . Used . | . . . . . Hacking Detections 1 | . 1 . . . Full Trace Events . | . . . . . Feedback Events . | . . . . . Feedback Blocked . | . . . . . Robot Schematics Acquired . | . . . . . Robots Built . | . . . . . Authchips . | . . . . . Time . | . . . . . Total Robot Build Rating . | . . . . . Part Schematics Acquired . | . . . . . Parts Built . | . . . . . Authchips . | . . . . . Time . | . . . . . Total Part Build Rating . | . . . . . Parts Repaired . | . . . . . Time . | . . . . . Parts Recycled . | . . . . . Recycled Matter . | . . . . . Retrieved Matter . | . . . . . Retrieved Components . | . . . . . Parts Scanalyzed . | . . . . . Part Schematics Acquired . | . . . . . Parts Damaged . | . . . . . Bothacking | -11 -10 -10 -10 -9 ------------ Run | Yrd Mat Min Exi Min Used RIF Installer . | . . . . . Robots Hacked . | . . . . . Non-combat . | . . . . . Combat . | . . . . . Robot Hacks Applied . | . . . . . Relay Couplers Released . | . . . . . Fabnet Peak Effective % . | . . . . . Robots Rewired . | . . . . . Allies Hacked . | . . . . . Hacks Repelled . | . . . . . Allies | -11 -10 -10 -10 -9 -------- Run | Yrd Mat Min Exi Min Total Allies 3 | . . 3 . . Largest Group 3 | . . 3 3 3 Highest-Rated Group 40 | . . 40 40 40 Highest-Rated Ally 16 | . . 16 16 16 Total Orders . | . . . . . Ally Attacks 22 | . . 6 . 16 Total Damage 119 | . . 40 . 79 Kills 3 | . . 1 . 2 Allies Corrupted . | . . . . . Allies Melted . | . . . . . Intel | -11 -10 -10 -10 -9 ------- Run | Yrd Mat Min Exi Min Robot Analysis Total . | . . . . . Derelict Logs Recovered 1 | . . . . 1 Drone Launches . | . . . . . Drone Recoveries . | . . . . . Exploration | -11 -10 -10 -10 -9 ------------- Run | Yrd Mat Min Exi Min Turns Passed 2259 | 55 1146 261 385 412 Spaces Moved 1224 | 37 598 157 240 192 Core 13 | 11 2 . . . Treads 1211 | 26 596 157 240 192 Legs . | . . . . . Wheels . | . . . . . Hover . | . . . . . Flight . | . . . . . Fastest Speed 50 | 50 50 160 160 160 Average Speed 158 | 127 159 160 160 160 Slowest Speed 160 | 160 160 160 160 160 Overloaded Moves . | . . . . . Propulsion Burnouts . | . . . . . Robots Hopped . | . . . . . Cave-ins Triggered . | . . . . . Exploration Rate (%) 45 | 5 79 39 62 42 Regions Visited 4 Branch Regions 3 Pre-discovered Areas . | . . . . . Known Exits Taken . | . . . . . Unknown Exits Taken 4 | 1 1 1 1 . Scrap Searched 1 | . . . . 1 Spaces Dug . | . . . . . Terrain Destroyed 103 | . 75 18 . 10 Melee . | . . . . . Projectile . | . . . . . AOE 103 | . 75 18 . 10 Terrain Rammed . | . . . . . Walls Destroyed . | . . . . . Machines Disabled . | . . . . . Actions | -11 -10 -10 -10 -9 --------- Run | Yrd Mat Min Exi Min Total 1461 | 42 725 161 241 292 Wait 157 | . 61 . . 96 Move 1220 | 36 597 156 239 192 Hop . | . . . . . Pick Up 3 | . 2 . 1 . Fast Attach 14 | 5 9 . . . Attach . | . . . . . Detach . | . . . . . Swap 3 | . 2 . 1 . Drop 2 | . 2 . . . Fire 51 | . 47 2 . 2 Melee 2 | . . . . 2 Ram . | . . . . . Kick . | . . . . . Crush 9 | 1 5 3 . . Escape Stasis . | . . . . . Rewire . | . . . . . Trap . | . . . . . Miscellaneous . | . . . . . Route ------- -11/Scrapyard -10/Materials (discovered 4 exits: [*Mat x3] / [*Min]) -10/Mines -10/Exiles -9/Mines History --------- Turn | Location | Event 2 | -11/Scrapyard | Met Revision 17 10 | -11/Scrapyard | Discovered new exit (range 15) 56 | -11/Scrapyard | Entered Materials 311 | -10/Materials | Build established: Mutant 318 | -10/Materials | Discovered new exit (range 14) 459 | -10/Materials | Discovered new exit (range 9) 721 | -10/Materials | Discovered new exit (range 16) 1162 | -10/Materials | Discovered new exit (range 11) 1202 | -10/Materials | Entered Mines 1215 | -10/Mines | Met a Derelict bent on vengeance 1289 | -10/Mines | Assisted by bots powering up and referring to "LRC-V3" 1453 | -10/Mines | Deemed a non-threat by the Exiles lab entrance 1455 | -10/Mines | Discovered new exit (range 5) 1463 | -10/Mines | Entered Exiles 1463 | -10/Exiles | Accompanied by 3 allies 1503 | -10/Exiles | Met 8R-AWN 1531 | -10/Exiles | Met EX-HEX 1617 | -10/Exiles | Met EX-BIN 1636 | -10/Exiles | Aligned with FarCom system 1638 | -10/Exiles | Given EX-Vault access code 1675 | -10/Exiles | Opened EX-Vault 1683 | -10/Exiles | Found Longsword +1 1717 | -10/Exiles | Warned to stay clear of 0b10 Research branches 1772 | -10/Exiles | Met EX-DEC 1831 | -10/Exiles | Discovered new exit (range 10) 1848 | -10/Exiles | Left Exiles lab with Longsword +1 1848 | -10/Exiles | Entered Mines 1848 | -9/Mines | Accompanied by 3 allies 2233 | -9/Mines | Met a Derelict shopkeep closing up shop 2260 | -9/Mines | Self-destructed Last Messages --------------- Found 36 Matter. Found Lrg. Battery. Found 44 Matter. Acquired 44 matter. Acquired 36 matter. K-01 Serf cleans the SHOP.Sys. Connecting with SHOP.Sys... Current location identified: Mines >>Open Door Sealed Doors opened. 9B-Y9M(g): "Sorry, the Unaware have moved into these parts and I'm closing up shop. No more sales from me!" ALERT: Derelict activity detected in mines. Dispatching investigation squad. 9B-Y9M(g): "You've got to be kidding me! I'm outta here..." S-10 Pest suffers critical hit (Burn). S-10 Pest destroyed. S-10 Pest suffers critical hit (Burn). S-10 Pest destroyed. R-06 Scavenger collects Lgt. Ion Engine. Map ----- +----------------------------------------------------+ | ##??????????????????????????????????????????? | | ####???????????????????????????????????????? | | ##??????????????????????????????????????? | | # ##?????????????????????????????????????? | | ###???????????????????????????????????? | | #???????????????????????????????????? | | # ## #???????????????????????????????????? | | ## ##?# ##???????????????????????????????????? | | ?# #???###????????????????????????????????????? | | ?# #??????????????????????????????????????????? | | ?# #??????????????????????????????????????????? | | ?# ####???????????????????????????????????????? | | ?# #????????????????????? ????????????????? | | ?# #????????????????????? ????????????????? | | ?#### #????????????????????? ????????????????? | | ????# #????????????????????? #???????????????? | | ????# #????????????????????? #???????????????? | | ????# #????????????????????? ???????????????? | | ????# #????????????????????? #???????????????? | | ????# #????????????????????? #???????????????? | | ???## #?????????????????????#%##??????????????? | | ?### #?????????????????????#* ???????????????? | | ## ####??????????????????#%#???????????????? | | # #????????????#######%##??????????????? | | #??####?????##""## ##?????????????? | | ## ## #### ###???#"/@ #X ###???????????? | | ### ## "##??#"= g ##??????????? | | ##?# ##?#"!g g #??????????? | | ##??# ###### #?#"!= # #??????????? | | ????# #???# ####""## #??????????? | | ????# #???## #?#### #??????????? | | ????# #????## #????# ### ##??????????? | | ????# ####### [* #????# ###??###???????????? | | ????# = ##???# #??????????????????? | | ????########## % #???# #??????????????????? | | ?????????????# = ###### ############ #?????? | | ?????????????## #?# | #?????? | | ??????????????## ### #################?????? | | ???????????????## !!#?????????????????????? | | ????????????????## ######?????????????????????? | | ?????????????????####??????????????????????????? | | ???????????????????????????????????????????????? | | ???????????????????????????????????????????????? | | ???????????????????????????????????????????????? | | | | | | | | | | | | | +----------------------------------------------------+ Best States ------------- Heat Dissipation 25 Energy Generation 10 Energy Capacity 125 Matter Stores 275 Matter Capacity 300 Sight Range 16 Terrain Scan Density 10 Evasion (%) 50 Recoil Reduction 2 Item Schematics ----------------- None Robot Schematics ------------------ None Fabricated ------------ Nothing Alien Tech Used ----------------- None Achievements -------------- None Challenges ------------ None Game ------ Seed PointyLegRail Manual? 0 Play Time 00:10:47 Cumulative 67.4 hours Start 2024.08.08 @ 17:30:04 End 2024.08.08 @ 17:39:01 Sessions 1 Manual Loads 0 Difficulty Rogue Special Mode None Game No. 159 Rogue 84 Adventurer 75 Explorer 0 Win Type - Total 0 Types 0/0/0/0/0/0/0/0/0 Lore% 34 Gallery% 41 Achievement% 34 Wizard Run 0 Options --------- Layout 0 ASCII 0 Keyboard 0 Movement Arrows Keybinds 0 Fullscreen 1 Font 24/Smallcaps Map View 76x50 Zoom Use 0% Tactical HUD 0 Map Filters NONE Filters NONE Steam 1 RUN: a82ae824-c3ba-46dc-a05a-671f098cb198